 Dungeon Crawl Stone Soup version 0.21-a0-329-g12f17e1 (webtiles) character file.

129 zxpr0jk the Insei (level 5, -5/40 HPs)
             Began as a Gnoll Transmuter on Oct 2, 2017.
             Killed by nerve-wracking pain
             ... invoked by Grinder
              (13 damage)
             ... while paralysed by Grinder
             ... on level 3 of the Dungeon.
             The game lasted 00:04:55 (2646 turns).

zxpr0jk the Insei (Gnoll Transmuter)                Turns: 2646, Time: 00:04:56

Health: -5/40      AC: 11    Str: 14    XL:     5   Next: 12%
Magic:  12/12      EV:  2    Int: 20    God:
Gold:   71         SH:  0    Dex: 15    Spells: 13/14 levels left

rFire    . . .     SeeInvis .     - Unarmed
rCold    . . .     Gourm    .   (no shield)
rNeg     . . .     Faith    .   i - +0 chain mail
rPois    .         Spirit   .   (no helmet)
rElec    .         Reflect  .   (no cloak)
rCorr    .         Harm     .   l - +2 pair of gloves
MR       .....                  (no boots)
Stlth    ..........             (no amulet)
HPRegen  0.13/turn              (no ring)
MPRegen  0.13/turn              (no ring)

@: paralysed, brilliant, appendage, very slightly contaminated, hasted
A: distributed training, fangs 1, horns 2, strong nose
a: End Transformation


You were on level 3 of the Dungeon.
You were hungry.
You had grown temporary horns.
You visited 1 branch of the dungeon, and saw 3 of its levels.

You collected 71 gold pieces.

Inventory:

Armour
 i - a +0 chain mail (worn)
 l - a +2 pair of gloves (worn)
Scrolls
 a - a scroll of immolation {unknown}
 b - a scroll of teleportation {unknown}
 f - a scroll of fear {unknown}
 g - 3 scrolls of magic mapping {unknown}
 j - 3 scrolls of identify {unknown}
 p - a scroll of noise {unknown}
Potions
 e - a potion of brilliance
 h - a potion of curing {unknown}
 m - a potion of haste
 n - 2 potions of ambrosia {unknown}
Books
 c - a book of Changes

   Spells                             Type                      Level
   a - Beastly Appendage              Transmutation                1
   b - Sticks to Snakes               Transmutation                2
   c - Spider Form                    Transmutation/Poison         3
   d - Ice Form                       Ice/Transmutation            4
   e - Blade Hands                    Transmutation                5
Comestibles
 d - 4 bread rations
 k - 5 fruits
 o - a chunk of flesh
 q - a meat ration


   Skills:
 + Level 2.9 Fighting
 + Level 1.3 Short Blades
 + Level 1.3 Long Blades
 + Level 1.3 Axes
 + Level 1.3 Maces & Flails
 + Level 1.3 Polearms
 + Level 1.3 Staves
 + Level 1.3 Slings
 + Level 1.3 Bows
 + Level 1.3 Crossbows
 + Level 1.3 Throwing
 + Level 1.3 Armour
 + Level 4.7 Dodging
 + Level 1.3 Stealth
   Level 0.0 Stabbing
 + Level 1.3 Shields
   Level 0.0 Traps
 + Level 6.6 Unarmed Combat
 + Level 5.1 Spellcasting
 + Level 1.3 Conjurations
 + Level 1.3 Hexes
 + Level 1.3 Charms
 + Level 1.3 Summonings
 + Level 1.3 Necromancy
 + Level 1.3 Translocations
 + Level 4.7 Transmutations
 + Level 1.3 Fire Magic
 + Level 1.3 Ice Magic
 + Level 1.3 Air Magic
 + Level 1.3 Earth Magic
 + Level 1.3 Poison Magic
 + Level 1.3 Invocations
 + Level 1.3 Evocations


You had 13 spell levels left.
You knew the following spells:

 Your Spells              Type           Power        Failure   Level  Hunger
a - Beastly Appendage     Tmut           #####.       5%          1    None


Dungeon Overview and Level Annotations

Branches:
Dungeon (3/15)

Altars:

Annotations:
D:3 Grinder


Innate Abilities, Weirdness & Mutations

Your experience applies equally to all skills.
You have very sharp teeth.
Your uncanny sense of smell can sniff out nearby items.
You have a pair of horns on your head.


Message History

Unknown command.
Unknown command.
Your chain mail prevents you from hitting Grinder.
Grinder is severely wounded.
Grinder hits you.
You writhe in agony.
* * * LOW HITPOINT WARNING * * *
Unknown command.
Unknown command.
It was a potion of brilliance.
You feel clever all of a sudden.
The giant cockroach waves its antennae.
Grinder closely misses you.
It was a potion of haste.
You feel yourself speed up. Grinder gestures at you.
You suddenly lose the ability to move!
Grinder hits you.
* * * LOW HITPOINT WARNING * * *
Grinder gestures at you. Pain shoots through your body!
You die...

# #..###### #####
.......s#####...#
......sJ5@......#
......ss#####...#
........# ##.##
........# #.#
...####s# #.# ..
.s# #.# . ∆


sss #.# ∆ ... ####.#### #.......# You could see Grinder, an ooze and 4 giant
cockroaches.

Vanquished Creatures
  2 gnolls (D:1)
  3 adders (D:2)
  3 worms (D:2)
  5 dart slugs
  5 bats
  10 giant cockroaches
  10 goblins
  11 hobgoblins
  A ball python (D:2)
  4 kobolds
  8 rats
62 creatures vanquished.

Notes
Turn   | Place    | Note
-------+----------+-------------------------------------------
     0 | D:1      | zxpr0jk the Gnoll Transmuter began the quest for the Orb.
     0 | D:1      | Reached XP level 1. HP: 17/17 MP: 6/6
    50 | D:1      | Reached XP level 2. HP: 2/23 MP: 5/7
   451 | D:1      | Reached XP level 3. HP: 3/28 MP: 7/9
   455 | D:1      | Reached skill level 5 in Spellcasting
   962 | D:1      | Reached skill level 1 in Short Blades
   962 | D:1      | Reached skill level 1 in Long Blades
   962 | D:1      | Reached skill level 1 in Axes
   962 | D:1      | Reached skill level 1 in Maces & Flails
   962 | D:1      | Reached skill level 1 in Polearms
   962 | D:1      | Reached skill level 1 in Staves
   962 | D:1      | Reached skill level 1 in Slings
   962 | D:1      | Reached skill level 1 in Bows
   962 | D:1      | Reached skill level 1 in Crossbows
   962 | D:1      | Reached skill level 1 in Throwing
   962 | D:1      | Reached skill level 1 in Armour
   962 | D:1      | Reached skill level 1 in Stealth
   962 | D:1      | Reached skill level 1 in Shields
   962 | D:1      | Reached skill level 1 in Conjurations
   962 | D:1      | Reached skill level 1 in Hexes
   962 | D:1      | Reached skill level 1 in Charms
   962 | D:1      | Reached skill level 1 in Summonings
   962 | D:1      | Reached skill level 1 in Necromancy
   962 | D:1      | Reached skill level 1 in Translocations
   962 | D:1      | Reached skill level 1 in Fire Magic
   962 | D:1      | Reached skill level 1 in Ice Magic
   962 | D:1      | Reached skill level 1 in Air Magic
   962 | D:1      | Reached skill level 1 in Earth Magic
   962 | D:1      | Reached skill level 1 in Poison Magic
   962 | D:1      | Reached skill level 1 in Invocations
   962 | D:1      | Reached skill level 1 in Evocations
   962 | D:1      | Reached XP level 4. HP: 26/34 MP: 11/11
  1916 | D:2      | Reached XP level 5. HP: 36/40 MP: 12/12
  2617 | D:3      | Noticed Grinder
  2638 | D:3      | Paralysed by Grinder for 2 turns
  2644 | D:3      | Paralysed by Grinder for 7 turns
  2646 | D:3      | Killed from afar by Grinder

Vault maps used:
D:1:      saegor_arrival_simple_b, minmay_vboxes
D:2:      hex_large, minmay_misc_feat_ornament
D:3:      minmay_roachtagon, st_stairs_6, minmay_misc_feat_chi,
          dk_noncrumbling_3, uniq_grinder

Skill      XL: |  1  2  3 |
---------------+----------+-----
Spellcasting   | 5 |  5.1
Short Blades   | 1 |  1.3
Long Blades    | 1 |  1.3
Axes           | 1 |  1.3
Maces & Flails | 1 |  1.3
Polearms       | 1 |  1.3
Staves         | 1 |  1.3
Slings         | 1 |  1.3
Bows           | 1 |  1.3
Crossbows      | 1 |  1.3
Throwing       | 1 |  1.3
Armour         | 1 |  1.3
Stealth        | 1 |  1.3
Shields        | 1 |  1.3
Conjurations   | 1 |  1.3
Hexes          | 1 |  1.3
Charms         | 1 |  1.3
Summonings     | 1 |  1.3
Necromancy     | 1 |  1.3
Translocations | 1 |  1.3
Fire Magic     | 1 |  1.3
Ice Magic      | 1 |  1.3
Air Magic      | 1 |  1.3
Earth Magic    | 1 |  1.3
Poison Magic   | 1 |  1.3
Invocations    | 1 |  1.3
Evocations     | 1 |  1.3
Fighting       | |  2.9
Dodging        | |  4.7
Unarmed Combat | |  6.6
Transmutations | |  4.7

Action                   |  1- 3 |  4- 6 || total
-------------------------+-------+-------++-------
Melee: Unarmed           |    74 |   133 ||   207
       Kick              |     4 |     6 ||    10
       Punch             |     2 |       ||     2
       Bite              |     4 |    15 ||    19
       Headbutt          |       |     4 ||     4
 Cast: Beastly Appendage |     3 |     4 ||     7
  Use: Potion            |       |     2 ||     2
 Stab: Sleeping          |     6 |       ||     6
  Eat: Chunk             |       |     5 ||     5
Armor: Robe              |     6 |       ||     6
       Chain mail        |       |    82 ||    82
Dodge: Dodged            |    39 |    54 ||    93

Table legend:
 A = Spawn XP
 B = Non-spawn XP
 C = Spawn XP percentage of total XP
 D = Spawn monster count
 E = Non-spawn monster count
 F = Spawn count percentage of total count
 G = Total turns spent on level
                    A         B        C        D         E        F      G
               +---------+---------+-------+---------+---------+-------+---------
         Total |       0 |     185 |   0.0 |       0 |      62 |   0.0 |  2646
               +---------+---------+-------+---------+---------+-------+---------
           D:1 |       0 |      85 |   0.0 |       0 |      31 |   0.0 |  1240
           D:2 |       0 |      88 |   0.0 |       0 |      25 |   0.0 |  1336
           D:3 |       0 |      12 |   0.0 |       0 |       6 |   0.0 |    70
               +---------+---------+-------+---------+---------+-------+---------
